 Dungeon Crawl Stone Soup version 0.26-a0-597-gb535b0901c (webtiles) character file.

Game seed: 3633801331307768175

(classic levelgen) 16 EnegeticOcto the Shield-Bearer (level 2, -3/27 HPs)
             Began as a Deep Dwarf Fighter on Aug 28, 2020.
             Slain by a scorpion (6 damage)
             ... on level 4 of the Dungeon.
             The game lasted 00:00:15 (204 turns).

EnegeticOcto the Shield-Bearer (Deep Dwarf Fighter)  Turns: 204, Time: 00:00:15

Health: -3/27      AC:  6    Str: 19    XL:     2   Next: 41%
Magic:  2/2        EV:  7    Int:  8    God:
Gold:   18         SH:  9    Dex: 12    Spells: 1/1 levels left

rFire    . . .     SeeInvis .   a - +0 war axe
rCold    . . .     Faith    .   c - +0 kite shield
rNeg     . . .     Spirit   .   b - +0 scale mail
rPois    .         Reflect  .   (no helmet)
rElec    .         Harm     .   (no cloak)
rCorr    .                      (no gloves)
MR       .....                  (no boots)
Stlth    ..........             (no amulet)
HPRegen  0.00/turn              (no ring)
MPRegen  0.08/turn              (no ring)

@: non-regenerating
A: damage resistance, heal wounds, sense surroundings 1, no regeneration
a: Heal Wounds


You were on level 4 of the Dungeon.
You visited 1 branch of the dungeon, and saw 4 of its levels.

You collected 18 gold pieces.

Inventory:

Hand Weapons
 a - a +0 war axe (weapon)
Armour
 b - a +0 scale mail (worn)
 c - a +0 kite shield (worn)
Wands
 h - a wand of digging (2) {@v3}
Scrolls
 e - a scroll of enchant weapon {unknown}
 f - a scroll of amnesia {unknown}
 g - a scroll of identify {unknown}
Potions
 d - a potion of might {@q3}


   Skills:
 + Level 2.8 Fighting
 * Level 2.7 Axes
 + Level 3.5 Armour
 + Level 3.5 Shields


You had one spell level left.
You didn't know any spells.
Your spell library was empty.

Dungeon Overview and Level Annotations

Branches:
Dungeon (4/15)
 Temple: D:4-7

Altars:


Innate Abilities, Weirdness & Mutations

You are resistant to damage.
You can heal yourself by infusing magical energy.
You passively map a small area around you.
You do not regenerate.


Message History

You see here a stone.
There is a stone staircase leading down here.
You climb downwards.
A frilled lizard, a hound and a scorpion come into view.
The frilled lizard hisses angrily.
The hound barks!
There is a stone staircase leading up here.
There are monsters nearby!
You closely miss the scorpion. The scorpion barely misses you.
Your shield prevents you from hitting the scorpion.
You block the scorpion's attack.
Your scale mail prevents you from hitting the scorpion.
The scorpion stings you. The hound bites you but does no damage.
You block the scorpion's attack. The hound bites you but does no damage.
You barely miss the scorpion. You closely miss the frilled lizard.
You hit the hound. You block the hound's attack. The scorpion stings you.
The frilled lizard barely misses you. The hound bites you.
You are too injured to fight recklessly!
You are too injured to fight recklessly!
You are too injured to fight recklessly!
You are too injured to fight recklessly!
You are too injured to fight recklessly!
You are too injured to fight recklessly!
You are too injured to fight recklessly!
You are too injured to fight recklessly!
You are too injured to fight recklessly!
You are too injured to fight recklessly!
You are too injured to fight recklessly!
You fail to use your ability.
The hound barely misses you. The scorpion barely misses you.
You block the frilled lizard's attack.
You are too injured to fight recklessly!
You are too injured to fight recklessly!
You are too injured to fight recklessly!
You are too injured to fight recklessly!
You are too injured to fight recklessly!
You are too injured to fight recklessly!
You are too injured to fight recklessly!
You are too injured to fight recklessly!
You feel much better. The hound bites you. The scorpion stings you.
The frilled lizard barely misses you. The hound bites you but does no damage.
You closely miss the hound.
The hound is lightly wounded.
You hit the frilled lizard.
You kill the frilled lizard!
You barely miss the scorpion. The hound bites you.
The scorpion completely misses you.
A worm comes into view.
The hound bites you.
The scorpion stings you but does no damage.
You barely miss the hound.
The hound is lightly wounded.
Your scale mail prevents you from hitting the scorpion.
You block the hound's attack. x2; The scorpion stings you.
You hit the hound.
The hound is heavily wounded.
You hit the scorpion. You block the hound's attack.
You block the scorpion's attack. The hound bites you. The scorpion stings you.
You barely miss the hound.
The hound is heavily wounded.
You slash the scorpion! The hound bites you.
The hound bites you but does no damage. The scorpion stings you.
* * * LOW HITPOINT WARNING * * *
You are too injured to fight recklessly!
You are too injured to fight recklessly!
You are too injured to fight recklessly!
You are too injured to fight recklessly!
You are too injured to fight recklessly!
You are too injured to fight recklessly!
You are too injured to fight recklessly!
You are too injured to fight recklessly!
You are too injured to fight recklessly!
You are too injured to fight recklessly!
You are too injured to fight recklessly!
You are too injured to fight recklessly!
You are too injured to fight recklessly!
You are too injured to fight recklessly!
You fail to use your ability.
The hound bites you.
* * * LOW HITPOINT WARNING * * *
You block the scorpion's attack. The hound bites you but does no damage.
You fail to use your ability.
The hound bites you.
* * * LOW HITPOINT WARNING * * *
The scorpion stings you but does no damage.
You are too injured to fight recklessly!
You are too injured to fight recklessly!
You are too injured to fight recklessly!
You are too injured to fight recklessly!
You are too injured to fight recklessly!
You are too injured to fight recklessly!
You are too injured to fight recklessly!
You are too injured to fight recklessly!
You fail to use your ability.
You block the hound's attack. The scorpion stings you. The hound bites you.
* * * LOW HITPOINT WARNING * * *
You are too injured to fight recklessly!
You are too injured to fight recklessly!
You are too injured to fight recklessly!
You are too injured to fight recklessly!
You are too injured to fight recklessly!
You fail to use your ability.
The hound bites you but does no damage. The scorpion stings you!
You die...

* * , , * . , *
.## ## , ,
#....,, * ,
#,#.#.# *
.,,*#.#.#.####.
...##.#........
,
.......s.......
,
....w.h@.......
,
.#.####.#.#####
* ... # * * *
##... ,,, , , ,
#####* * , * *
, , * *


You could see a worm, a scorpion and a hound.

Vanquished Creatures
  A worm (D:2)
  A goblin (D:3)
  2 hobgoblins
  2 jackals (D:3)
  A ball python (D:1)
  A bat (D:1)
  3 frilled lizards
  3 kobolds
14 creatures vanquished.

Notes
Turn   | Place    | Note
-------+----------+-------------------------------------------
     0 | D:1      | EnegeticOcto the Deep Dwarf Fighter began the quest for the
                  | Orb.
     0 | D:1      | Reached XP level 1. HP: 20/20 MP: 1/1
    94 | D:2      | Reached XP level 2. HP: 20/27 MP: 2/2
   190 | D:4      | Noticed a scorpion
   204 | D:4      | Slain by a scorpion

Illustrated notes

Levels and vault maps discovered:
D:1:      dpeg_arrival_refuge, layout_rooms
D:2:      layout_basic, roderic_serpentine_path
D:3:      layout_basic, bloody_trog, lemuel_crystal_altar,
          minmay_fractal_squares_diagonal_5, uniq_jessica, uniq_sigmund,
          uniq_grinder, uniq_crazy_yiuf_cottage
D:4:      layout_loops_ring, dk_vineyard_3, grunt_ministairs_2, uniq_pikel,
          uniq_eustachio, uniq_menkaure

Action                   || total
-------------------------++-------
Melee: War axe           ||    37
 Abil: Heal Wounds       ||     1
Armor: Scale mail        ||    21
Dodge: Dodged            ||    14
Block: Kite shield       ||    24

Table legend: (Time is in decaauts)
 A = Elapsed time spent in this place.
 B = Non-inter-level travel time spent in this place.
 C = Inter-level travel time spent in this place.
 D = Time resting spent in this place.
 E = Time spent auto-exploring this place.
 F = Levels seen in this place.
 G = Mean time per level.
                   A        B        C        D        E       F      G
               +--------+--------+--------+--------+--------+-----+--------+
         Total |    219 |    181 |     38 |      0 |     75 |   4 |   54.8 |
       Dungeon |    219 |    181 |     38 |      0 |     75 |   4 |   54.8 |
               +--------+--------+--------+--------+--------+-----+--------+

Top non-repeatable levels by time:
     D:1: 87 daAuts
     D:3: 60 daAuts
     D:2: 54 daAuts
     D:4: 17 daAuts
